[Event "HockeyNinjas: 5 Euro playmoney, 11 players"]
[Site "www.chessgamble.com"]
[Date "2015.02.24"]
[Round "1"]
[White "Bauernopfer"]
[Black "Eddy"]
[Result "1-0"]
[WhiteElo "2024"]
[BlackElo "1627"]
[TimeControl "10/864000"]
[Mode "ICS"]

1. e4 c6 2. d4 d5 3. Nc3 dxe4 4. Nxe4 Nf6 5. Nxf6+ gxf6 6. Nf3 Qd5 7. Bd3 Qe6+ 8. Qe2 Qxe2+ 9. Kxe2 Bg4 10. h3 Be6 11. Bf4 Bd5 12. c4 Be6 13. Rae1 Rg8 14. g4 f5 15. gxf5 Bd7 16. Rhg1 Rg7 17. Kd2 Rxg1 18. Rxg1 e6 19. f6 c5 20. Rg8 cxd4 21. Bd6 1-0

[Event "HockeyNinjas: 5 Euro playmoney, 11 players"]
[Site "www.chessgamble.com"]
[Date "2015.02.24"]
[Round "1"]
[White "Rex"]
[Black "Bauernopfer"]
[Result "1-0"]
[WhiteElo "1930"]
[BlackElo "2024"]
[TimeControl "10/864000"]
[Mode "ICS"]

1. e4 c6 2. d4 d5 3. exd5 cxd5 4. c4 Nf6 5. Nc3 Nc6 6. c5 e5 7. dxe5 Nxe5 8. Bf4 Nc6 9. Qe2+ Be6 10. Qb5 Qe7 11. Bd6 Qd7 12. O-O-O Bxd6 13. cxd6 d4 14. Nce2 Bxa2 15. Qa4 Bd5 16. Nxd4 O-O 17. Nxc6 bxc6 18. Qf4 Ne8 19. Nf3 f5 20. Bc4 Nxd6 21. Rxd5 cxd5 22. Bxd5+ Nf7 23. Bxa8 Rxa8 24. Nd4 g5 25. Qe3 Qd5 26. Rg1 Rd8 27. Ne6 f4 28. Qe2 Rd6 29. Re1 Qxg2 30. Kb1 Nd8 31. Nxd8 Rxd8 32. Qe6+ Kg7 33. Qe7+ Kg6 34. Qxd8 Qxf2 35. Qe8+ 1-0